Map: New Repugnancy LE

Players

Clem - Winner!

  • Race: Terran Terran
  • Spawn Location: 1:00

Serral

  • Race: Zerg Zerg
  • Spawn Location: 7:00

Event: 2019 WCS Spring

VOD

Have the link to the VOD?

Description

Time

  • Played on: May 17, 2019, 1:37 p.m.
  • Length: 2:59

All games in this series

Show
View Real Time Build Order
Export as new Build Order

Clem Terran - Winner!

Build Orders:  

Get SALT Encoding   

  12  0:01  SCV  
  13  0:13  SCV  
  14  0:17  Supply Depot  
  14  0:25  SCV  
  15  0:41  Barracks  
  15  0:50  Barracks  
  15  1:03  Barracks  
  15  1:13  SCV  
  17  1:28  Marine  
  17  1:30  Orbital Command  
  16  1:46  Marine  
  17  1:48  Marine  
  18  1:58  Marine  
  19  2:03  SCV  
  19  2:05  Marine  
  19  2:06  Marine, Supply Depot  
  22  2:14  Bunker  
  22  2:16  Marine  
  22  2:20  Bunker  
  23  2:27  Marine x2  
  24  2:39  Marine  
  24  2:41  SCV  
  26  2:50  Bunker  
Show
View Real Time Build Order
Export as new Build Order

Serral Zerg 

Build Orders: Pool First 

Get SALT Encoding   

  12  0:00  Drone  
  13  0:12  Overlord  
  13  0:17  Drone  
  14  0:30  Drone  
  14  0:31  Drone  
  14  0:34  Drone  
  17  0:44  Extractor  
  17  0:48  Spawning Pool, Drone  
  16  0:56  Drone  
  17  1:06  Drone  
  18  1:22  Hatchery  
  17  1:28  Drone  
  18  1:38  Queen  
  20  1:52  Zergling x2  
  21  1:56  Zergling x2  
  21  2:08  Overlord  
  21  2:13  Zergling x2  
  22  2:28  Zergling x4  
  21  2:41  Zergling x4  
Tags
 
Add a new tag
Caveats
  • Supply blocks, unpowered buildings, or Contaminate may cause inaccurate times.
  • Supply counts are checked every 10 seconds.